 Dungeon Crawl Stone Soup version 0.17-a0-737-gf0a300a (webtiles) character file.

2622 Ngotmuk the Cleaver (level 9, 0/86 HPs)
             Began as a Deep Dwarf Fighter on Apr 27, 2015.
             Was a Priest of Ru.
             Splashed by a brown ugly thing's acid (7 damage)
             ... on level 6 of the Dungeon.
             The game lasted 00:17:25 (5025 turns).

Ngotmuk the Cleaver (Deep Dwarf Fighter)            Turns: 5025, Time: 00:17:25

Health: 0/86       AC:  2    Str: 23    XL:     9   Next: 34%
Magic:  9/9        EV:  8    Int: 12    God:    Ru [***...]
Gold:   281        SH: 10    Dex:  8    Spells: 0 memorised, 8 levels left

rFire  . . .     SeeInvis .     u - +8 hand axe "Giant's Toothpick" {pain, rC+ Int+3 Dex-4}
rCold  + . .     Clarity  .     i - +0 ring mail {rN+}
rNeg   + + .     SustAb   .     c - +0 shield
rPois  .         Gourm    .     (no helmet)
rElec  .         Spirit   .     (no cloak)
rCorr  .         Warding  .     (no gloves)
rMut   .         Stasis   .     F - +0 pair of boots
MR     +....                    (no amulet)
Stlth  ..........               e - ring of positive energy
                                m - ring of wizardry

@: lethally poisoned (0 -> 0), corroded equipment, non-regenerating, drained,
somewhat resistant to hostile enchantments, extremely unstealthy
A: damage resistance, recharge devices, sense surroundings 2, slow healing 3,
inability to use devices, hated by all
a: Device Recharging, Draw Out Power, Renounce Religion


You were on level 6 of the Dungeon.
You worshipped Ru.
Ru was most pleased with you.
You were not hungry.

You visited 2 branches of the dungeon, and saw 8 of its levels.
You also visited: Sewer.

You collected 281 gold pieces.

Inventory:

Hand weapons
 u - the +8 hand axe "Giant's Toothpick" (weapon) {pain, rC+ Int+3 Dex-4}
   (You found it on level 4 of the Dungeon)

   In the hands of one skilled in necromantic magic, it inflicts extra damage on
   living creatures.
   It affects your intelligence (+3).
   It affects your dexterity (-4).
   It protects you from cold.
Armour
 c - a +0 shield (worn)
 i - a +0 ring mail of positive energy (worn)
 F - a +0 pair of boots (worn)
Jewellery
 e - a ring of positive energy (right hand)
 m - a ring of wizardry (left hand)
Scrolls
 a - a scroll of identify
 h - 3 scrolls of remove curse
 k - 2 scrolls of enchant armour {unknown}
 n - a scroll of teleportation
 r - a scroll of fear {unknown}
 v - a scroll of amnesia {unknown}
 w - 2 scrolls of blinking {unknown}
 y - 3 scrolls of noise {unknown}
 C - 2 scrolls of magic mapping
 E - 4 scrolls of immolation
Potions
 d - 3 potions of might
 g - 12 potions of curing {unknown}
 j - a potion of ambrosia {unknown}
 l - a potion of lignification {unknown}
 o - 2 potions of brilliance {unknown}
 p - a potion of invisibility {unknown}
 q - 3 potions of agility {unknown}
 s - 2 potions of cancellation {unknown}
 x - a potion of berserk rage {unknown}
 z - a potion of poison {unknown}
 A - 3 potions of haste {unknown}
 B - 4 potions of flight {unknown}
 D - 4 potions of heal wounds {unknown}
Comestibles
 b - 4 meat rations
 f - 4 bread rations
 t - a beef jerky
 G - 2 royal jellies


   Skills:
 * Level 7.2(6.5) Fighting
 * Level 8.7(8.0) Axes
 + Level 6.4(5.7) Armour
 + Level 6.4(5.7) Shields


You had 8 spell levels left.
You didn't know any spells.

Dungeon Overview and Level Annotations

Branches:
Dungeon (7/15)             Temple (1/1) D:4

Altars:
Ashenzari
Cheibriados
Dithmenos
Elyvilon
Fedhas
Gozag
Kikubaaqudgha
Makhleb
Nemelex Xobeh
Okawaru
Qazlal
Ru
Sif Muna
Trog
Vehumet
Xom
Yredelemnul
Zin
The Shining One


Innate Abilities, Weirdness & Mutations

You are resistant to damage.
You can recharge devices by infusing magical energy.
You passively map the area around you.
You do not heal naturally.
You cannot study or use magical devices.
You are hated by all.


Message History

The worker ant is almost dead.
The brown ugly thing stings you!
You are splashed with acid!
The acid burns!
The worker ant bites you but does no damage.
You slash the brown ugly thing!
The brown ugly thing is moderately wounded.
You closely miss the worker ant.
The worker ant is almost dead.
The worker ant bites you but does no damage.
The brown ugly thing stings you!
* * * LOW HITPOINT WARNING * * *
You are splashed with acid!
The acid burns!
* * * LOW HITPOINT WARNING * * *
You barely miss the brown ugly thing.
The brown ugly thing is moderately wounded.
You hit the worker ant but do no damage.
The worker ant is almost dead.
The worker ant barely misses you. The brown ugly thing stings you!
* * * LOW HITPOINT WARNING * * *
You are splashed with acid!
The acid corrodes your equipment!
The acid burns!
You die...

.†.......+.................#
.........####.#..#...(.....#
.........# #..............#
########## ##......########
##########......#
#........##.....#
#........##.....#
#####........'..u...#
.<...........#..@...#
.............#.##a..#
.............+.##÷..#
.............#.##...#
#####........########
#........# ##########


You could see a brown ugly thing and a worker ant.

Vanquished Creatures
  Grinder (D:5)
  A deep elf mage (D:6)
  The ghost of trantor the Firebug, an average HOFE (D:5)
  A hippogriff (D:7)
  A sky beast (D:6)
  2 black bears (D:6)
  An ice beast (D:7)
  An ogre (D:7)
  A phantom (D:4)
  A big kobold (Sewer)
  A centaur (D:7)
  3 giant frogs
  A water moccasin zombie (D:6)
  3 scorpions
  An electric eel (D:7)
  2 crimson imps (D:6)
  2 giant frog skeletons
  2 giant frog zombies
  2 orc priests
  Ijyb (D:2)
  3 orc wizards
  A jelly (D:5)
  A centaur skeleton (D:6)
  3 iguanas
  2 worker ants
  2 hound skeletons
  10 adders
  A river rat (D:5)
  An ooze (D:1)
  3 worms
  An adder skeleton (D:6)
  22 orcs
  6 ball pythons
  12 bats
  A bat skeleton (D:7)
  A bat zombie (D:4)
  7 giant cockroaches
  17 hobgoblins
  15 jackals
  3 quokkas (D:3)
  5 giant geckos
  14 giant newts
  19 goblins
  A jackal zombie (D:5)
  26 kobolds
  15 rats
221 creatures vanquished.

Notes
Turn   | Place    | Note
--------------------------------------------------------------
     0 | D:1      | Ngotmuk, the Deep Dwarf Fighter, began the quest for the Orb.
     0 | D:1      | Reached XP level 1. HP: 20/20 MP: 1/1
   227 | D:1      | Reached XP level 2. HP: 21/27 MP: 2/2
   483 | D:1      | Reached XP level 3. HP: 21/34 MP: 3/3
   859 | D:2      | Found a blossoming altar of Fedhas.
   975 | D:2      | Reached XP level 4. HP: 18/42 MP: 4/4
  1309 | D:2      | Noticed Ijyb
  1324 | D:2      | Killed Ijyb
  1324 | D:2      | Reached skill level 4 in Armour
  1509 | D:3      | Reached XP level 5. HP: 10/50 MP: 5/5
  1580 | D:3      | Found a shadowy altar of Dithmenos.
  1601 | D:3      | Found a glowing golden altar of the Shining One.
  2422 | D:4      | Found a staircase to the Ecumenical Temple.
  2430 | Temple   | Entered the Ecumenical Temple
  2436 | Temple   | Became a worshipper of Ru the Awakened
  2622 | D:4      | Noticed a phantom
  2648 | D:4      | Killed a phantom
  2648 | D:4      | Reached XP level 6. HP: 25/58 MP: 6/6
  2817 | D:4      | HP: 2/58 [iguana (3)]
  3124 | D:4      | Found an ancient bone altar of Kikubaaqudgha.
  3129 | D:4      | Got a slimy hand axe
  3132 | D:4      | Identified the +8 hand axe "Giant's Toothpick" {pain, rC+ Int+3 Dex-4} (You found it on level 4 of the Dungeon)
  3170 | D:5      | Entered Level 5 of the Dungeon
  3192 | D:5      | Reached skill level 5 in Axes
  3192 | D:5      | Reached XP level 7. HP: 56/66 MP: 7/7
  3236 | D:5      | Noticed trantor's ghost (average HOFE)
  3246 | D:5      | Killed trantor's ghost
  3246 | D:5      | Reached skill level 5 in Fighting
  3272 | D:5      | Found a glowing drain.
  3303 | Sewer    | Entered a sewer
  3342 | Sewer    | Gained mutation: You are hated by all. [Ru sacrifice]
  3342 | Sewer    | Acquired Ru's first power
  3683 | D:5      | Reached skill level 5 in Shields
  3693 | D:5      | Reached skill level 6 in Axes
  3827 | D:5      | Reached skill level 5 in Armour
  3912 | D:5      | Noticed Grinder
  3936 | D:5      | Killed Grinder
  3936 | D:5      | Reached XP level 8. HP: 36/76 MP: 8/8
  4059 | D:6      | Reached skill level 7 in Axes
  4305 | D:6      | Reached skill level 8 in Axes
  4479 | D:6      | Gained mutation: You passively map the area around you. [Deep Dwarf growth]
  4479 | D:6      | Reached XP level 9. HP: 55/85 MP: 9/9
  4553 | D:7      | Gained mutation: You cannot study or use magical devices. [Ru sacrifice]
  4553 | D:7      | Acquired Ru's second power
  4553 | D:7      | Acquired Ru's third power
  4947 | D:7      | Noticed a brown ugly thing
  5025 | D:6      | Splashed by a brown ugly thing's acid

Action                   |  1- 3 |  4- 6 |  7- 9 || total
-------------------------+-------+-------+-------++-------
Melee: War axe           |   150 |   247 |       ||   397
       Hand axe          |       |     6 |   285 ||   291
Invok: Sacrifice Love    |       |       |     1 ||     1
       Draw Out Power    |       |       |     4 ||     4
       Sacrifice Artific |       |       |     1 ||     1
Evoke: Wand              |       |     8 |     5 ||    13
  Use: Scroll            |       |     7 |     2 ||     9
 Stab: Invisible         |       |       |     1 ||     1
  Eat: Meat ration       |       |     1 |       ||     1
       Royal jelly       |       |     1 |       ||     1
       Pizza             |       |     1 |     1 ||     2
       Bread ration      |       |       |     1 ||     1
